 Dungeon Crawl Stone Soup version 0.18.1-48-g4cf74bf (webtiles) character file.

737 hairmachine the Basher (level 7, -3/72 HPs)
             Began as an Ogre Hunter on July 4, 2016.
             Was an Initiate of Makhleb.
             Slain by an ogre
             ... wielding a +0 giant spiked club
              (18 damage)
             ... on level 4 of the Dungeon.
             The game lasted 00:16:44 (5522 turns).

hairmachine the Basher (Ogre Hunter)                Turns: 5522, Time: 00:16:45

Health: -3/72      AC:  3    Str: 18    XL:     7   Next: 75%
Magic:  7/7        EV: 10    Int: 10    God:    Makhleb [......]
Gold:   151        SH:  0    Dex: 12    Spells: 0 memorised, 6 levels left

rFire  . . .     SeeInvis .     u - +0 mace
rCold  . . .     Gourm    .     t - +0 robe {Archmagi}
rNeg   . . .     Faith    .     (no shield)
rPois  .         Spirit   .     (helmet restricted)
rElec  .         Dismiss  .     (no cloak)
rCorr  .         Reflect  .     (gloves unavailable)
SustAt .         Harm     .     (boots unavailable)
MR     .....                    (no amulet)
Stlth  +.........               (no ring)
                                (no ring)

@: not resistant to hostile enchantments, very unstealthy
A: unfitting armour, tough skin 1
a: Renounce Religion


You were on level 4 of the Dungeon.
You worshipped Makhleb.
Makhleb was noncommittal.
You were hungry.

You visited 2 branches of the dungeon, and saw 5 of its levels.
You also visited: Ossuary.

You collected 151 gold pieces.

Inventory:

Hand Weapons
 j - a +0 whip
 u - a +0 mace (weapon)
Missiles
 r - a throwing net (quivered)
Armour
 b - a +0 robe
 t - a +0 robe of the Archmagi (worn)
Jewellery
 a - an uncursed ring of sustain attributes
Scrolls
 e - 6 scrolls of identify
 h - 2 scrolls of amnesia
 p - a scroll of fog {unknown}
 s - a scroll of magic mapping {unknown}
 x - 2 scrolls of remove curse {unknown}
Potions
 c - 2 potions of resistance
 g - a potion of haste
 k - 2 potions of cure mutation {unknown}
 l - a potion of cancellation {unknown}
 m - a potion of brilliance {unknown}
 n - 3 potions of curing {unknown}
 q - 2 potions of ambrosia {unknown}
 v - a potion of flight {unknown}
 w - 2 potions of magic {unknown}
 A - a potion of lignification
Comestibles
 f - 2 bread rations
 o - 3 royal jellies
 z - a meat ration
 B - 3 fruits


   Skills:
 + Level 5.0 Fighting
 + Level 9.7 Maces & Flails
 - Level 4.1 Throwing
 - Level 1.7 Dodging
 - Level 0.7 Stealth


You had 6 spell levels left.
You didn't know any spells.

Dungeon Overview and Level Annotations

Branches:
Dungeon (4/15)             Temple (1/1) D:4

Altars:
Cheibriados
Dithmenos
Elyvilon
Gozag
Kikubaaqudgha
Makhleb
Nemelex Xobeh
Okawaru
Pakellas
Qazlal
Ru
Sif Muna
Trog
Vehumet
Xom
Yredelemnul
Zin
The Shining One


Innate Abilities, Weirdness & Mutations

You are too large for most types of armour.
You have tough skin (AC +1).


Message History

Throwing (i - inventory. (,) - cycle):
i - 2 javelins (quivered)
Press: ? - help, Shift-Dir - straight line, f/p - ogre
Aim: an ogre, wielding a giant spiked club (lightly wounded)
You throw a javelin. The javelin hits the ogre!
The ogre is heavily wounded.
You are feeling hungry.
The ogre hits you with a giant spiked club!
Throwing (i - inventory. (,) - cycle):
i - a javelin (quivered)
Press: ? - help, Shift-Dir - straight line, f/p - ogre
Aim: an ogre, wielding a giant spiked club (heavily wounded)
You throw a javelin. The javelin hits the ogre!
The ogre is almost dead.
The ogre hits you with a giant spiked club!!
* * * LOW HITPOINT WARNING * * *
You see here 13 stones.
Things that are here:
a javelin; a large rock; an iguana corpse The ogre barely misses you.
The ogre hits you with a giant spiked club!!
You die...

#. #######.# #.# #.
#(. .......### #.#
#. #...
#.#.....#####.####.
..#
#......#..........
.(#
##....))......###.
#
#.###(.....#.###..#
#. #. #.#.#.....#.#
#>.###.
#..###.####.###.#
#......
#......O@...# #.#
#.####.
#.........######
#.# #... #.
(............ #.#
##...#.
#.##.######### ...
.#... # #. #.>.#. #
#. ... ####..##.
......(.. ####.###.


You could see an ogre.

Vanquished Creatures
  Grinder (D:3)
  A water moccasin zombie (Ossuary)
  An orc wizard (D:3)
  A centaur zombie (D:4)
  An iguana (D:4)
  Natasha (twice) (D:3)
  A worker ant (D:4)
  3 big kobold zombies (Ossuary)
  2 mummies (Ossuary)
  5 adders
  4 gnolls
  An ooze (D:1)
  4 adder zombies (Ossuary)
  A worm (D:2)
  3 dart slugs
  2 giant geckos
  6 orcs
  4 ball pythons
  6 bats
  A giant cockroach (D:4)
  5 gnoll zombies (Ossuary)
  10 goblins
  6 hobgoblins
  4 jackals (D:4)
  A quokka (D:2)
  8 giant newts
  A hobgoblin zombie (Ossuary)
  A jackal zombie (D:4)
  3 kobolds (D:1)
  3 kobold zombies (Ossuary)
  3 orc zombies (Ossuary)
  7 rats
  A rat zombie (D:4)
103 creatures vanquished.

Vanquished Creatures (others)
  A water moccasin zombie (Ossuary)
  An adder zombie (Ossuary)
2 creatures vanquished.

Grand Total: 105 creatures vanquished

Notes
Turn   | Place    | Note
--------------------------------------------------------------
     0 | D:1      | hairmachine the Ogre Hunter began the quest for the Orb.
     0 | D:1      | Reached XP level 1. HP: 22/22 MP: 1/1
   251 | D:1      | Reached skill level 1 in Maces & Flails
   251 | D:1      | Reached XP level 2. HP: 19/29 MP: 2/2
   379 | D:1      | Reached skill level 2 in Maces & Flails
   964 | D:1      | Reached skill level 3 in Maces & Flails
   964 | D:1      | Reached XP level 3. HP: 32/36 MP: 3/3
  1413 | D:2      | Reached skill level 4 in Maces & Flails
  1613 | D:2      | Reached XP level 4. HP: 34/44 MP: 4/4
  2583 | D:3      | Noticed Grinder
  2664 | D:3      | Killed Grinder
  2664 | D:3      | Reached skill level 7 in Maces & Flails
  2664 | D:3      | Reached XP level 5. HP: 25/50 MP: 5/5
  2664 | D:3      | Reached XP level 6. HP: 30/59 MP: 6/6
  2946 | D:3      | Reached skill level 8 in Maces & Flails
  3380 | D:3      | Noticed Natasha
  3382 | D:3      | Killed Natasha
  3468 | D:3      | Noticed Natasha
  3471 | D:3      | Killed Natasha
  3618 | D:4      | Found a sand-covered staircase.
  3671 | Ossuary  | Entered an ossuary
  3844 | Ossuary  | Reached XP level 7. HP: 38/67 MP: 7/7
  4178 | Ossuary  | Reached skill level 9 in Maces & Flails
  5112 | D:4      | Found a staircase to the Ecumenical Temple.
  5118 | Temple   | Entered the Ecumenical Temple
  5189 | Temple   | Became a worshipper of Makhleb the Destroyer
  5481 | D:4      | Reached skill level 5 in Fighting
  5522 | D:4      | Slain by an ogre

Skill      XL: |  1  2  3  4  5  6  7 |
---------------+----------------------+-----
Maces & Flails | 1 3 4 7 8 9 |  9.7
Fighting       | 3 5 |  5.0
Throwing       | |  4.1
Dodging        | |  1.7
Stealth        | |  0.7

Action                   |  1- 3 |  4- 6 |  7- 9 || total
-------------------------+-------+-------+-------++-------
Melee: Club              |    52 |       |       ||    52
       Unarmed           |     4 |       |       ||     4
       Whip              |    31 |   139 |       ||   170
       Mace              |       |    49 |   152 ||   201
Throw: Large rock        |    19 |    19 |    14 ||    52
       Javelin           |       |     6 |    13 ||    19
       Throwing net      |       |     2 |     1 ||     3
  Use: Scroll            |       |     5 |       ||     5
       Potion            |       |     1 |     2 ||     3
 Stab: Sleeping          |     1 |       |       ||     1
       Held in net/web   |       |       |     2 ||     2
  Eat: Chunk             |     2 |     7 |       ||     9
       Bread ration      |       |       |     1 ||     1
       Beef jerky        |       |       |     1 ||     1
Armor: Robe              |    18 |    47 |    15 ||    80
       Skin              |       |     1 |     9 ||    10
Dodge: Dodged            |    46 |    98 |    58 ||   202
